 Dungeon Crawl Stone Soup version 0.29-a0-451-gfbfa42419e (console) character file.

Game seed: 17806338122533701194

13 Faeu the Sneak (level 2, -1/17 HPs)
             Began as a Vampire Enchanter on May 19, 2022.
             Slain by an adder (2 damage)
             ... on level 2 of the Dungeon.
             The game lasted 00:02:12 (217 turns).

Faeu the Sneak (Vampire Enchanter)                   Turns: 217, Time: 00:02:13

Health: -1/17      AC:  2    Str:  7    XL:     2   Next: 24%
Magic:  5/5        EV: 12    Int: 17    God:
Gold:   37         SH:  0    Dex: 14    Spells: 5/5 levels left

rFire   . . .      SeeInvis +   a - +1 dagger
rCold   . . .      Faith    .   (no shield)
rNeg    . . .      Spirit   .   b - +0 robe
rPois   .          Reflect  .   (no helmet)
rElec   .          Harm     .   (no cloak)
rCorr   .          Rampage  .   (no gloves)
Will    .....                   (no boots)
Stlth   +++.......              (no amulet)
HPRegen 0.25/turn               (no ring)
MPRegen 0.09/turn               (no ring)

@: healing quickly
A: alive, fangs 3, see invisible, vampiric 1, [frail 1]
a: Exsanguinate


You were on level 2 of the Dungeon.
You visited 1 branch of the dungeon, and saw 2 of its levels.

You collected 37 gold pieces.

Inventory:

Hand Weapons
 a - a +1 dagger (weapon)
Armour
 b - a +0 robe (worn)
Wands
 d - a wand of iceblast (7)
Potions
 c - 2 potions of invisibility
 e - a potion of resistance {unknown}


   Skills:
 + Level 1.4 Short Blades
 + Level 2.4 Dodging
 + Level 4.6 Stealth
 + Level 2.1 Spellcasting
 + Level 4.6 Hexes


You had 5 spell levels left.
You didn't know any spells.
Your spell library contained the following spells:

 Spells                   Type           Power      Damage    Failure   Level
 Confusing Touch          Hex            17%        N/A       9%          3
 Tukima's Dance           Hex            17%        N/A       9%          3
 Ensorcelled Hibernation  Hex/Ice        18%        N/A       11%         2
 Dazzling Flash           Conj/Hex       18%        N/A       22%         3


Dungeon Overview and Level Annotations

Branches:
Dungeon (2/15)

Altars:


Innate Abilities, Weirdness & Mutations

Your natural rate of healing is accelerated.
You have razor-sharp teeth.
You have supernaturally acute eyesight. (SInv)
You are afflicted with vampirism.
[You are frail. (-10% HP)]


Message History

You hit the worm. Your bite misses the worm.
The worm is heavily wounded.
You hit the worm.
The worm is heavily wounded.
The worm barely misses you.
An adder comes into view.
There are monsters nearby!
You are too injured to fight recklessly!
There are monsters nearby!
You are too injured to fight recklessly!
There are monsters nearby!
You are too injured to fight recklessly!
You hit the worm. You bite the worm, but do no damage.
The worm is heavily wounded.
The worm bites you.
* * * LOW HITPOINT WARNING * * *
You hit the worm.
The worm is severely wounded.
You hit the worm.
The worm is severely wounded.
The worm misses you.
You hit the worm.
The worm is almost dead.
You hit the worm.
You kill the worm!
You closely miss the adder. You punch the adder.
The adder is lightly wounded.
The adder bites you.
* * * LOW HITPOINT WARNING * * *
You miss the adder. Your bite misses the adder.
The adder is lightly wounded.
The adder closely misses you.
You barely miss the adder.
The adder is lightly wounded.
The adder bites you.
* * * LOW HITPOINT WARNING * * *
You hit the adder.
The adder is moderately wounded.
The adder bites you.
You die...

##### ### ##... #.##
#...# .#.## ###...###
###.## ######.......# #
##.###...<%.......#
##....####.......# #
#.##########...#.####
###.##..........@........
.#.# #.#########S##.###..
#..###.##### #....#
##.........# #.####
##.###.###.# #.# ...# #.#
#.. ##.# #.# ... #.# #.#
... #.# #.# #.# #.# #.#
...


You could see an adder.

Vanquished Creatures
  A worm (D:2)
  A dart slug (D:1)
  An endoplasm (D:1)
  2 hobgoblins
  A kobold (D:1)
  3 rats
9 creatures vanquished.

Notes
Turn   | Place    | Note
-------+----------+-------------------------------------------
     0 | D:1      | Faeu the Vampire Enchanter began the quest for the Orb.
     0 | D:1      | Reached XP level 1. HP: 13/13 MP: 3/3
   101 | D:2      | Reached XP level 2. HP: 7/19 MP: 5/5
   217 | D:2      | Slain by an adder

Illustrated notes

Levels and vault maps discovered:
D:1:      erik_arrival_orb_chamber, layout_basic
D:2:      layout_loops_ring, grunt_ministairs_9

Action                   || total
-------------------------++-------
Melee: Dagger            ||    35
       Bite              ||     5
       Punch             ||     1
 Abil: Exsanguinate      ||     1
       Revivify          ||     1
 Stab: Sleeping          ||     2
Armor: Robe              ||     4
Dodge: Dodged            ||    19

Table legend: (Time is in decaauts)
 A = Elapsed time spent in this place.
 B = Non-inter-level travel time spent in this place.
 C = Inter-level travel time spent in this place.
 D = Time resting spent in this place.
 E = Time spent auto-exploring this place.
 F = Levels seen in this place.
 G = Mean time per level.
                   A        B        C        D        E       F      G
               +--------+--------+--------+--------+--------+-----+--------+
         Total |    214 |    214 |      0 |     42 |     51 |   2 |  107.0 |
       Dungeon |    214 |    214 |      0 |     42 |     51 |   2 |  107.0 |
               +--------+--------+--------+--------+--------+-----+--------+

Top non-repeatable levels by time:
     D:2: 120 daAuts
     D:1: 94 daAuts
